 Dungeon Crawl Stone Soup version 0.31.0-32-g396128a36d (webtiles) character file.

Game seed: 17470810498169309290

368 Curundu the Chopper (level 6, 0/56 HPs)
             Began as a Minotaur Berserker on Apr 13, 2024.
             Was a Believer of Trog.
             Slain by a crocodile (5 damage)
             ... in a sewer.
             The game lasted 00:07:20 (2401 turns).

Curundu the Chopper (Minotaur Berserker)            Turns: 2401, Time: 00:07:21

Health: 0/56       AC: 12    Str: 23    XL:     6   Next: 41%
Magic:  5/5        EV:  7    Int:  4    God:    Trog [**....]
Gold:   212        SH:  0    Dex: 10    Spells: 5/5 levels left

rFire   . . .        a - +0 hand axe
rCold   . . .        (no shield)
rNeg    . . .        e - +0 plate armour
rPois   .            (helmet restricted)
rElec   .            (no cloak)
rCorr   .            (no gloves)
SInv    .            (no boots)
Will    .....        (no amulet) Stlth
                     (no ring)
HPRegen 0.29/turn    (no ring)
MPRegen 0.09/turn

%: no passive effects
@: on berserk cooldown, slowed, very slow
A: horns 2, retaliatory headbutt
a: Renounce Religion, Berserk, Trog's Hand


You were in a sewer.
You worshipped Trog.
Trog was pleased with you.
You visited 1 branch of the dungeon, and saw 3 of its levels.
You also visited: Sewer.

You collected 212 gold pieces.

Inventory:

Hand Weapons
 a - a +0 hand axe (weapon)
Armour
 e - a +0 plate armour (worn)
Jewellery
 f - a +5 ring of evasion
 k - a ring of protection from cold
 m - an amulet of magic regeneration
Wands
 h - a wand of quicksilver (14)
Scrolls
 b - 3 scrolls of fear {unknown}
 d - a scroll of poison {unknown}
 g - 2 scrolls of revelation {unknown}
 j - a scroll of immolation {unknown}
 l - a scroll of fog {unknown}
 o - a scroll of blinking {unknown}
 q - 2 scrolls of teleportation
Potions
 c - a potion of heal wounds {unknown}
 i - 2 potions of attraction {unknown}
 n - a potion of mutation {unknown}
 p - 3 potions of enlightenment


   Skills:
 + Level 5.3 Fighting
 + Level 6.3 Axes
 + Level 4.5 Armour
 + Level 2.9 Dodging


You had 5 spell levels left.
You didn't know any spells.
Your spell library was empty.

Dungeon Overview and Level Annotations

Branches:
Dungeon (3/15)              Sewer (1/1)

Altars:
Wu Jian


Innate Abilities, Weirdness & Mutations

You have a pair of horns on your head.
You reflexively headbutt those who attack you in melee.


Message History

You kill the adder!
Trog accepts your kill.
Your unstable footing causes you to fumble your attack.
The crocodile bites you but does no damage.
Unknown command.
Your unstable footing causes you to fumble your attack.
You are no longer berserk.
You are exhausted.
You feel yourself slow down. The crocodile bites you!
You closely miss the crocodile.
The crocodile is severely wounded.
The crocodile barely misses you.
Unknown command.
Your unstable footing causes you to fumble your attack.
The crocodile bites you but does no damage.
You closely miss the crocodile. Your headbutt misses the crocodile.
The crocodile is severely wounded.
You feel the effects of Trog's Hand fading.
The crocodile bites you! x2
Your unstable footing causes you to fumble your attack.
The crocodile bites you but does no damage.
Your unstable footing causes you to fumble your attack.
The crocodile closely misses you. The crocodile barely misses you.
You hit the crocodile. Your punch misses the crocodile.
The crocodile is almost dead.
Your skin stops crawling.
You feel less strong-willed. The crocodile bites you.
Your unstable footing causes you to fumble your attack.
The crocodile bites you!
* * * LOW HITPOINT WARNING * * *
The crocodile bites you but does no damage.
You hit the crocodile.
The crocodile is almost dead.
The crocodile barely misses you.
You hit the crocodile but do no damage.
The crocodile is almost dead.
The crocodile bites you.
* * * LOW HITPOINT WARNING * * *
The crocodile bites you.
You die...

# ~≈≈≈≈≈≈ # .~≈≈≈≈≈ #
#### .~~≈≈≈≈ # #..#
.~~≈≈≈≈ ## #..# .~~≈≈≈≈
≈#### #..###~~~~≈≈≈
~≈≈≈# ######..#~l~~~~~~≈
.~~#≈≈≈≈≈≈≈~~~~~@†~~~~~~
..~#########..#~††~~~~~≈
#.....~≈# #..###~~~~≈≈≈
######†~# ##.## ~~~≈≈≈≈
#..###†.# #~≈≈≈≈≈
##.....## ≈≈≈≈≈≈ #######
≈≈≈≈≈≈ ≈≈≈≈≈≈


You could see a crocodile.

Vanquished Creatures
  A crocodile (Sewer)
  Terence (D:2)
  A sickly merfolk siren (Sewer)
  A malarious merfolk avatar (Sewer)
  Robin (D:2)
  3 gnolls (D:2)
  9 adders
  A river rat (D:3)
  3 ribbon worms
  12 ball pythons
  5 endoplasms
  A giant cockroach (D:1)
  14 goblins
  4 hobgoblins (D:2)
  3 quokkas
  4 bats
  6 frilled lizards
  8 kobolds
  14 rats
92 creatures vanquished.

Notes
Turn   | Place    | Note
-------+----------+-------------------------------------------
     0 | D:1      | Curundu the Minotaur Berserker began the quest for the Orb.
     0 | D:1      | Reached XP level 1. HP: 19/19 MP: 0/0
    53 | D:1      | Reached XP level 2. HP: 16/27 MP: 1/1
   151 | D:1      | Reached skill level 4 in Axes
   700 | D:2      | Noticed Robin
   701 | D:2      | Noticed Terence
   714 | D:2      | Reached XP level 3. HP: 21/34 MP: 2/2
   718 | D:2      | Killed Terence
   718 | D:2      | Reached ** piety under Trog
   723 | D:2      | Reached XP level 4. HP: 41/41 MP: 3/3
   733 | D:2      | Killed Robin
  1026 | D:2      | Reached skill level 5 in Axes
  1031 | D:2      | Reached skill level 5 in Fighting
  1031 | D:2      | Reached XP level 5. HP: 17/48 MP: 4/4
  1201 | D:2      | Identified the +8 dagger of Bile {spect, Dex+3}
  1730 | D:3      | Found an ornate altar of the Wu Jian Council.
  1896 | D:3      | Found a glowing drain.
  1905 | Sewer    | Entered a sewer
  1926 | Sewer    | Noticed a crocodile
  1941 | Sewer    | Killed a crocodile
  1942 | Sewer    | Reached skill level 6 in Axes
  1942 | Sewer    | Reached XP level 6. HP: 15/56 MP: 5/5
  2401 | Sewer    | Slain by a crocodile

Illustrated notes

Levels and vault maps discovered:
D:1:      minmay_arrival_radiant_lines, layout_basic,
          chequers_serial_rivers_micro_e
D:2:      layout_rooms, uniq_robin, uniq_terence
D:3:      layout_basic, nicolae_wu_jian_wuxing_cycle, lightli_sewer_entry_pipes
Sewer:    sewer_sea

Skill      XL: |  1  2  3  4  5 |
---------------+----------------+-----
Fighting       | 4 5 |  5.3
Axes           | 4 5 6 |  6.3
Armour         | 3 4 |  4.5
Dodging        | |  2.9

Action                     |  1- 3 |  4- 6 || total
---------------------------+-------+-------++-------
  Melee: Hand axe          |    53 |   161 ||   214
         Headbutt          |     7 |    21 ||    28
         Punch             |       |     1 ||     1
 Invoke: Berserk           |     1 |     2 ||     3
         Trog's Hand       |       |     1 ||     1
 Armour: Animal skin       |    29 |       ||    29
         Plate armour      |    31 |   170 ||   201
  Dodge: Dodged            |    47 |    68 ||   115
